 Dungeon Crawl Stone Soup version 0.20.1-1-g8b1a95d (webtiles) character file.

7309 homeworkjunkie the Cleaver (level 11, -7/95 HPs)
             Began as a Hill Orc Fighter on Nov 27, 2017.
             Was a Priest of Okawaru.
             Killed by Ozocubu's Refrigeration
             ... invoked by Fannar
              (13 damage)
             ... on level 11 of the Dungeon.
             The game lasted 00:22:01 (9719 turns).

homeworkjunkie the Cleaver (Hill Orc Fighter)       Turns: 9719, Time: 00:22:02

Health: -7/95      AC: 23    Str: 22    XL:     11   Next: 13%
Magic:  0/14       EV:  7    Int:  7    God:    Okawaru [***...]
Gold:   390        SH: 11    Dex: 11    Spells: 10/10 levels left

rFire    . . .     SeeInvis .   D - +7 hand axe "Awnil" {drain, +Rage rPois Int-5}
rCold    . . .     Gourm    .   c - +0 shield
rNeg     . . .     Faith    .   G - +0 storm dragon scales
rPois    +         Spirit   +   j - +2 helmet
rElec    +         Reflect  .   k - +0 cloak
rCorr    .         Harm     .   u - +2 pair of gloves
MR       .....                  o - +0 pair of boots
Stlth    ..........             m - amulet of guardian spirit
Regen    0.3/turn               w - +4 ring of intelligence
MPRegen  0.2/turn               b - ring of poison resistance

@: about to teleport
A: no striking features
a: Heroism, Renounce Religion, Evoke Berserk Rage


You were on level 11 of the Dungeon.
You worshipped Okawaru.
Okawaru was most pleased with you.
You were very full.

You visited 2 branches of the dungeon, and saw 13 of its levels.

You collected 643 gold pieces.
You spent 253 gold pieces at shops.

Inventory:

Hand Weapons
 r - a +1 war axe of chopping
 A - a +2 war axe of electrocution
 D - the +7 hand axe "Awnil" (weapon) {drain, +Rage rPois Int-5}
   (You found it on level 8 of the Dungeon)

   A truly terrible weapon, it drains the life of those it strikes.
   It affects your intelligence (-5).
   It protects you from poison.
   It lets you go berserk.
 H - the +9 long sword of Resourcefulness {slice, rElec, unknown}
   (You found it on level 10 of the Dungeon)

   It inflicts extra damage upon your enemies.
   It insulates you from electricity.
Armour
 c - a +0 shield (worn)
 j - a +2 helmet (worn)
 k - a +0 cloak (worn)
 o - a +0 pair of boots (worn)
 u - a +2 pair of gloves (worn)
 G - +0 storm dragon scales (worn)
Jewellery
 b - a ring of poison resistance (right hand)
 m - an amulet of guardian spirit (around neck)
 t - an uncursed amulet of faith
 w - a +4 ring of intelligence (left hand)
Wands
 i - a wand of flame (12/48)
 s - a wand of lightning (6/15)
 B - a wand of confusion (30/48)
 E - a wand of flame (27/48)
 F - a wand of acid (11/15)
Scrolls
 d - 2 scrolls of teleportation
 e - a scroll of fear
 l - a scroll of magic mapping
 n - 2 scrolls of remove curse
 v - 2 scrolls of blinking
 y - 2 scrolls of immolation
Potions
 a - a potion of resistance
 f - 2 potions of berserk rage
 g - 3 potions of lignification
 q - 5 potions of brilliance
 C - 2 potions of mutation
Comestibles
 h - 4 meat rations


   Skills:
 * Level 8.5 Fighting
 * Level 13.6 Axes
 * Level 8.1 Armour
 + Level 1.6 Dodging
 + Level 0.6 Stealth
 * Level 8.8 Shields
 * Level 4.2 Evocations


You had 10 spell levels left.
You didn't know any spells.

Dungeon Overview and Level Annotations

Branches:
Dungeon (12/15)            Temple (1/1) D:7             Orc (0/2) D:9
   Lair: D:8-11

Altars:
Ashenzari
Cheibriados
Dithmenos
Elyvilon
Okawaru
Ru
Sif Muna
Uskayaw
Xom
Yredelemnul
The Shining One

Shops:
D:7 (   D:8 ?(*

Annotations:
D:11 Fannar


Message History

An orc comes into view. It is wielding a trident.
You hit Fannar. You drain Fannar!
Fannar is moderately wounded.
Fannar casts a spell.
Fannar drains the heat from the surrounding environment!
You feel very cold.
* * * LOW HITPOINT WARNING * * *
Fannar is frozen.
Fannar resists.
Fannar is moderately wounded.
Your storm dragon scales prevents you from hitting Fannar.
Fannar is moderately wounded.
You hit Fannar. You drain Fannar!
Fannar is moderately wounded.
Fannar hits you but does no damage.
As you read the scroll of teleportation, it crumbles to dust.
You feel strangely unstable. You block the orc's attack.
Fannar casts a spell.
Fannar drains the heat from the surrounding environment!
You feel very cold.
You die...

#..#######..........#
#..# .........#####.#
#..# .........# ...#
.........# #
######...#####.#
h.......>.......
#######'###.##)#
.......<.o..#
.....###.##@# # ####
#..#e##.#
##......#.#.
#..).......
#..........
#.....##.#. #.>.#.# #
........ ..##.#.###


You could see Fannar and an orc.

Vanquished Creatures
  A death knight (D:9)
  An ugly thing (D:7)
  Maurice (D:8)
  A gargoyle (D:11)
  2 trolls (D:10)
  Prince Ribbit (D:8)
  A vampire (D:11)
  A wraith (D:10)
  A hungry ghost (D:11)
  The ghost of Lanoc the Caller, an amateur MfSu (D:4)
  Edmund (D:5)
  A sky beast (D:6)
  4 ice beasts
  A hornet zombie (D:8)
  7 orc warriors
  A necrophage (D:9)
  4 phantoms
  4 ogres
  2 centaurs
  A crocodile (D:10)
  4 bullfrogs
  2 water moccasin skeletons (D:8)
  5 scorpions
  4 howler monkeys
  6 crimson imps
  A bullfrog zombie (D:8)
  3 hounds
  3 jellies
  10 orc wizards
  A quasit (D:5)
  2 centaur skeletons
  9 orc priests
  2 iguanas
  4 worker ants
  A hound skeleton (D:6)
  A howler monkey zombie (D:7)
  A worker ant zombie (D:5)
  5 gnolls
  12 adders
  A howler monkey skeleton (D:7)
  An ooze (D:5)
  2 adder skeletons
  4 dart slugs
  6 leopard geckos
  41 orcs
  3 giant cockroaches
  7 hobgoblins
  2 jackals (D:4)
  5 kobolds
  8 quokkas
  A ball python (D:1)
  12 bats
  2 frilled lizards (D:3)
  16 goblins
  A quokka skeleton (D:6)
  5 rats
230 creatures vanquished.

Vanquished Creatures (others)
  2 fungi (D:11)
  A plant (D:11)
3 creatures vanquished.

Grand Total: 233 creatures vanquished

Notes
Turn   | Place    | Note
-------+----------+-------------------------------------------
     0 | D:1      | homeworkjunkie the Hill Orc Fighter began the quest for the Orb.
     0 | D:1      | Reached XP level 1. HP: 19/19 MP: 1/1
    29 | D:1      | Reached skill level 3 in Axes
    31 | D:1      | Reached XP level 2. HP: 21/27 MP: 2/2
   122 | D:1      | Found a shattered altar of Ashenzari.
   499 | D:3      | Reached XP level 3. HP: 28/33 MP: 3/3
   815 | D:3      | Reached skill level 4 in Axes
   815 | D:3      | Reached XP level 4. HP: 14/40 MP: 4/4
  1303 | D:3      | Noticed a bullfrog
  1326 | D:3      | Killed a bullfrog
  1326 | D:3      | Reached XP level 5. HP: 4/46 MP: 5/5
  2024 | D:2      | Found a hide-covered altar of Uskayaw.
  2327 | D:2      | Reached skill level 1 in Dodging
  2641 | D:2      | Reached skill level 5 in Axes
  3277 | D:5      | Entered Level 5 of the Dungeon
  3277 | D:5      | Noticed Edmund
  3277 | D:5      | Noticed an ogre
  3284 | D:5      | Killed an ogre
  3284 | D:5      | Reached XP level 6. HP: 49/53 MP: 4/6
  3297 | D:5      | Killed Edmund
  3297 | D:5      | Reached skill level 6 in Axes
  3310 | D:5      | Reached XP level 7. HP: 36/60 MP: 4/7
  3314 | D:5      | Reached skill level 5 in Shields
  3424 | D:4      | Noticed Lanoc's ghost (amateur MfSu)
  3436 | D:4      | Killed Lanoc's ghost
  4034 | D:5      | Reached skill level 5 in Armour
  4396 | D:5      | Reached skill level 7 in Axes
  4410 | D:5      | Reached skill level 5 in Fighting
  4418 | D:5      | Reached XP level 8. HP: 63/68 MP: 6/8
  4513 | D:5      | Found a glowing golden altar of the Shining One.
  4782 | D:5      | Reached skill level 8 in Axes
  4801 | D:5      | Found a white marble altar of Elyvilon.
  5401 | D:6      | Reached skill level 9 in Axes
  5629 | D:6      | Reached XP level 9. HP: 74/75 MP: 9/9
  5838 | D:6      | Found a shimmering altar of Xom.
  5891 | D:7      | Reached skill level 10 in Axes
  6147 | D:8      | Noticed Prince Ribbit
  6159 | D:8      | Killed Prince Ribbit
  6159 | D:8      | Reached skill level 1 in Evocations
  6185 | D:8      | Found a sacrificial altar of Ru.
  6197 | D:8      | Noticed Maurice
  6583 | D:8      | Found Muist's Assorted Antiques.
  6642 | D:8      | Killed Maurice
  6642 | D:8      | Reached skill level 11 in Axes
  6922 | D:7      | Noticed a white ugly thing
  6934 | D:7      | Killed a white ugly thing
  6934 | D:7      | Reached XP level 10. HP: 47/84 MP: 6/11
  7062 | D:7      | Reached skill level 12 in Axes
  7101 | D:7      | Found a staircase to the Ecumenical Temple.
  7113 | Temple   | Entered the Ecumenical Temple
  7121 | Temple   | Became a worshipper of Warmaster Okawaru
  7192 | D:7      | Found Feenecsa's Antique Weapon Boutique.
  7486 | D:8      | Found Hanin's Magic Scroll Emporium.
  7490 | D:8      | Bought a scroll of identify for 26 gold pieces
  7490 | D:8      | Bought a scroll of identify for 26 gold pieces
  7902 | D:8      | Found Cenusiu's Antique Weapon Shop.
  7910 | D:8      | Bought a glowing war axe for 201 gold pieces
  8053 | D:8      | Got an ancient hand axe
  8054 | D:8      | Identified the +7 hand axe "Awnil" {drain, +Rage rPois Int-5} (You found it on level 8 of the Dungeon)
  8333 | D:10     | Entered Level 10 of the Dungeon
  8393 | D:9      | Reached * piety under Okawaru
  8403 | D:9      | Found a staircase to the Orcish Mines.
  8779 | D:9      | Noticed a death knight
  8808 | D:9      | Killed a death knight
  8808 | D:9      | Reached ** piety under Okawaru
  8808 | D:9      | Reached skill level 13 in Axes
  9154 | D:10     | Reached XP level 11. HP: 87/94 MP: 12/14
  9251 | D:10     | Reached *** piety under Okawaru
  9396 | D:10     | Got an ichor-stained long sword
  9705 | D:11     | Noticed Fannar
  9719 | D:11     | Killed from afar by Fannar

Skill      XL: |  1  2  3  4  5  6  7  8  9 10 11 |
---------------+----------------------------------+-----
Axes           | 3 4 5 6 7 9 11 13 | 13.6
Fighting       | 4 5 6 8 |  8.5
Armour         | 4 5 6 7 8 |  8.1
Shields        | 4 5 6 7 8 |  8.8
Dodging        | 1 |  1.6
Evocations     | 2 4 |  4.2
Stealth        | |  0.6

Action                   |  1- 3 |  4- 6 |  7- 9 | 10-12 || total
-------------------------+-------+-------+-------+-------++-------
Melee: War axe           |   123 |   183 |   390 |    69 ||   765
       Hand axe          |       |       |       |   220 ||   220
Evoke: Wand              |       |       |     4 |    11 ||    15
  Use: Scroll            |     2 |     3 |     8 |    12 ||    25
       Potion            |     2 |       |     6 |     3 ||    11
 Stab: Confused          |       |       |       |     3 ||     3
  Eat: Bread ration      |       |     2 |       |     3 ||     5
       Fruit             |       |       |     8 |       ||     8
       Royal jelly       |       |       |     1 |     1 ||     2
       Chunk             |       |       |     1 |     2 ||     3
       Meat ration       |       |       |     1 |       ||     1
Armor: Scale mail        |    34 |       |       |       ||    34
       Chain mail        |    59 |    96 |    84 |       ||   239
       Plate armour      |       |       |    92 |    67 ||   159
       Storm dragon scal |       |       |       |    21 ||    21
Dodge: Dodged            |    35 |    36 |    86 |    36 ||   193
Block: Shield            |    89 |   104 |   211 |    93 ||   497
